 Dungeon Crawl Stone Soup version 0.28-a0-1190-g77e1c55843 (webtiles) character file.

Game seed: 16002431416188680052

15 fauxio the Skirmisher (level 2, 0/24 HPs)
             Began as a Demonspawn Abyssal Knight on Dec 19, 2021.
             Was a Follower of Lugonu.
             Constricted to death by a ball python (1 damage)
             ... on level 1 of the Dungeon.
             The game lasted 00:09:48 (402 turns).

fauxio the Skirmisher (Demonspawn Abyssal Knight)    Turns: 402, Time: 00:09:49

Health: 0/24       AC:  6    Str: 13    XL:     2   Next: 34%
Magic:  4/4        EV:  6    Int: 11    God:    Lugonu [*.....]
Gold:   44         SH:  0    Dex: 13    Spells: 1/1 levels left

rFire   . . .      SeeInvis .   a - +1 falchion
rCold   . . .      Faith    .   (no shield)
rNeg    . . .      Spirit   .   e - +0 scale mail
rPois   .          Reflect  .   (no helmet)
rElec   .          Harm     .   (no cloak)
rCorr   .          Rampage  .   (no gloves)
Will    .....                   (no boots)
Stlth   ..........              (no amulet)
HPRegen 0.08/turn               (no ring)
MPRegen 0.09/turn               (no ring)

@: constricted
A: foul stench 1
a: Renounce Religion, Depart the Abyss


You were on level 1 of the Dungeon.
You worshipped Lugonu.
Lugonu was aware of your devotion.
You visited 1 branch of the dungeon, and saw 1 of its levels.
You visited the Abyss 1 time.

You collected 44 gold pieces.

Inventory:

Hand Weapons
 a - a +1 falchion (weapon)
 f - a +0 mace
Missiles
 b - 21 bolts
Armour
 e - a +0 scale mail (worn)
Scrolls
 c - a scroll of amnesia {unknown}
 d - a scroll of fog {unknown}
Potions
 g - a potion of mutation {unknown}


   Skills:
 + Level 3.1 Fighting
 + Level 2.3 Long Blades
 + Level 1.8 Armour
 + Level 1.0 Dodging
 + Level 2.7 Invocations


You had one spell level left.
You didn't know any spells.
Your spell library was empty.

Dungeon Overview and Level Annotations

Branches:
Dungeon (1/15)

Altars:

Shops:
D:1 ?


Innate Abilities, Weirdness & Mutations

You may rarely emit foul miasma when damaged in melee.


Message History

A frilled lizard comes into view.
The frilled lizard hisses angrily.
A ball python comes into view.
The frilled lizard moves out of view.
A ball python comes into view.
Found a stone staircase leading down.
The ball python hisses angrily.
An endoplasm comes into view.
Found an inky potion.
The endoplasm quivers.
You hit the endoplasm.
The endoplasm is lightly wounded.
The endoplasm freezes you.
You are frozen.
* * * LOW HITPOINT WARNING * * *
The ball python bites you but does no damage.
The ball python closely misses you.
You hit the endoplasm.
You kill the endoplasm!
Lugonu accepts your kill.
You can now depart the Abyss.
The ball python bites you but does no damage.
The ball python barely misses you.
The ball python bites you but does no damage.
The ball python grabs you. The ball python constricts you.
The ball python bites you but does no damage.
You hit the ball python.
The ball python is severely wounded.
The ball python bites you.
* * * LOW HITPOINT WARNING * * *
The ball python constricts you. The ball python bites you.
* * * LOW HITPOINT WARNING * * *
The ball python barely misses you. The ball python constricts you.
You aren't in the Abyss!
The ball python's grasp on you weakens, but your attempt to escape fails.
The ball python bites you but does no damage. x2
The ball python constricts you.
You escape the ball python's grasp.
The ball python bites you.
* * * LOW HITPOINT WARNING * * *
The ball python grabs you. The ball python constricts you.
You die...

............ ...
..........# #..
#.#.......# #.#
#.#....... #.#
#####.#....#########.#
#>....................
#..?.Sl.............†.
#####S#............###
#@##...........#
#.##...........#
#.##.....).....#
#.##.....).....#
#!##...........#
..##........####
####........#
##########


You could see 2 ball pythons and a frilled lizard.

Vanquished Creatures
  A bat (D:1)
  An endoplasm (D:1)
  5 giant cockroaches (D:1)
  A hobgoblin (D:1)
  A quokka (D:1)
  2 ball pythons (D:1)
  A kobold (D:1)
  A rat (D:1)
13 creatures vanquished.

Notes
Turn   | Place    | Note
-------+----------+-------------------------------------------
     0 | Abyss:1  | fauxio the Demonspawn Abyssal Knight began the quest for
                  | the Orb.
     0 | Abyss:1  | Reached XP level 1. HP: 18/18 MP: 2/2
     0 | D:1      | Escaped the Abyss
    79 | D:1      | Found a faded altar of an unknown god.
   236 | D:1      | Reached skill level 1 in Dodging
   351 | D:1      | Gained mutation: You may rarely emit foul miasma when
                  | damaged in melee. [demonic ancestry]
   351 | D:1      | Reached XP level 2. HP: 8/24 MP: 3/3
   353 | D:1      | Found Setapsui's Magic Scroll Shop.
   399 | D:1      | Reached * piety under Lugonu
   402 | D:1      | HP: 1/24 [ball python (3)]
   402 | D:1      | Constricted to death by a ball python

Illustrated notes

Levels and vault maps discovered:
D:1:      minmay_arrival_checkered_box, layout_basic,
          shapermc_ecumenical_altar_mp_vishouse, serial_shops,
          nicolae_shop_waterfront

Skill      XL: |  1 |
---------------+----+-----
Long Blades    | 2 |  2.3
Dodging        | 1 |  1.0
Fighting       | |  3.1
Armour         | |  1.8
Invocations    | |  2.7

Action                   || total
-------------------------++-------
Melee: Falchion          ||    35
Invok: Depart the Abyss  ||     1
Armor: Leather armour    ||     8
       Scale mail        ||     8
Dodge: Dodged            ||    22

Table legend: (Time is in decaauts)
 A = Elapsed time spent in this place.
 B = Non-inter-level travel time spent in this place.
 C = Inter-level travel time spent in this place.
 D = Time resting spent in this place.
 E = Time spent auto-exploring this place.
 F = Levels seen in this place.
 G = Mean time per level.
                   A        B        C        D        E       F      G
               +--------+--------+--------+--------+--------+-----+--------+
         Total |    408 |    151 |    257 |      0 |      0 |   2 |  204.0 |
       Dungeon |    408 |    151 |    257 |      0 |      0 |   1 |  408.0 |
         Abyss |      0 |      0 |      0 |      0 |      0 |   1 |    0.0 |
               +--------+--------+--------+--------+--------+-----+--------+

Top non-repeatable levels by time:
     D:1: 408 daAuts
